 Dungeon Crawl Stone Soup version 0.19.1 (webtiles) character file.

134 CanadianGator the Shield-Bearer (level 5, -6/42 HPs)
             Began as a Formicid Fighter on Dec 21, 2016.
             Mangled by an ogre
             ... wielding a +0 giant club
              (12 damage)
             ... on level 4 of the Dungeon.
             The game lasted 00:06:14 (2391 turns).

CanadianGator the Shield-Bearer (Formicid Fighter)  Turns: 2391, Time: 00:06:15

Health: -6/42      AC:  7    Str: 22 (25) XL:     5   Next: 40%
Magic:  5/5        EV:  8    Int:  7 (8)  God:
Gold:   113        SH:  9    Dex:  8 (11) Spells: 0 memorised, 4 levels left

rFire  . . .     SeeInvis +     a - +0 quarterstaff
rCold  . . .     Gourm    .     b - +0 scale mail
rNeg   . . .     Faith    .     c - +0 shield
rPois  .         Spirit   .     (helmet unavailable)
rElec  .         Reflect  .     (no cloak)
rCorr  .         Harm     .     (no gloves)
MR     .....                    (no boots)
Stlth  ..........               (no amulet)
                                (no ring)
                                (no ring)

@: mighty
A: permanent stasis, dig shafts and tunnels, four strong arms, antennae 3
a: Dig, Shaft Self


You were on level 4 of the Dungeon.
You were not hungry.

You visited 1 branch of the dungeon, and saw 4 of its levels.

You collected 113 gold pieces.

Inventory:

Hand Weapons
 a - a +0 quarterstaff (weapon)
 e - a +0 club
 m - a +0 war axe
Armour
 b - a +0 scale mail (worn)
 c - a +0 shield (worn)
Scrolls
 g - 5 scrolls of identify {unknown}
 i - 3 scrolls of remove curse {unknown}
 j - a scroll of enchant weapon {unknown}
 n - a scroll of immolation {unknown}
Potions
 d - a potion of might
Comestibles
 f - 6 bread rations
 h - 3 meat rations
 k - a beef jerky
 o - 2 chunks of flesh
 p - a slice of pizza


   Skills:
 * Level 3.7 Fighting
 + Level 0.0(0.8) Axes
 + Level 1.5(2.4) Maces & Flails
 * Level 2.9(3.1) Staves
 + Level 3.9 Armour
 + Level 1.1 Dodging
 * Level 4.5 Shields


You had 4 spell levels left.
You didn't know any spells.

Dungeon Overview and Level Annotations

Branches:
Dungeon (4/15)
 Temple: D:4-7

Altars:


Innate Abilities, Weirdness & Mutations

You are under a permanent stasis effect.
You can dig through walls and to a lower floor.
Your four strong arms can wield two-handed weapons with a shield.
You have a pair of large antennae on your head. (SInv)


Message History

You hit the ogre.
The ogre is lightly wounded.
The ogre hits you with a giant club!
* * * LOW HITPOINT WARNING * * *
You hit the ogre.
The ogre is moderately wounded.
The ogre hits you with a giant club!
* * * LOW HITPOINT WARNING * * *
You hit the ogre but do no damage.
The ogre is moderately wounded.
The ogre barely misses you.
There is an escape hatch in the floor here.
It was a potion of cancellation.
You feel magically purged.
It was a potion of degeneration.
There was something very wrong with that liquid.
You feel weakened.
You feel dopey.
You feel clumsy. You block the ogre's attack.
You feel very mighty all of a sudden. The ogre hits you with a giant club!
You die...

...> ..###.### ...
#.#.....#
#.##.#.....#### ##
#......†......# #. {
#....#.....##.#
#.#######.#.....##.#
#%...#....###.####.#
........#O#.##.# #.#
#.# ...#.####.#@##.#
#.# #.#### # #{
#.O.##.# #.# #.....
######.# #.# ###...
#.# ....... #.#
####.## .# #.# #.#
#.# ##.#


You could see an ogre.

Vanquished Creatures
  An orc priest (D:3)
  3 adders
  A worm (D:2)
  A dart slug (D:1)
  5 leopard geckos
  4 orcs (D:3)
  4 giant cockroaches
  7 goblins
  7 hobgoblins
  4 jackals (D:2)
  9 kobolds
  9 bats
  3 frilled lizards
  5 rats
63 creatures vanquished.

Notes
Turn   | Place    | Note
-------+----------+-------------------------------------------
     0 | D:1      | CanadianGator the Formicid Fighter began the quest for the Orb.
     0 | D:1      | Reached XP level 1. HP: 18/18 MP: 1/1
    76 | D:1      | Reached XP level 2. HP: 15/24 MP: 2/2
   352 | D:1      | Reached XP level 3. HP: 26/29 MP: 3/3
   413 | D:1      | Reached skill level 1 in Maces & Flails
   712 | D:2      | Reached skill level 4 in Shields
   969 | D:2      | Found a faded altar of an unknown god.
   988 | D:2      | Reached XP level 4. HP: 23/35 MP: 4/4
  1005 | D:2      | Reached skill level 1 in Dodging
  1562 | D:3      | Reached XP level 5. HP: 15/41 MP: 5/5
  2379 | D:4      | Noticed an ogre
  2391 | D:4      | Mangled by an ogre

Skill      XL: |  1  2  3  4 |
---------------+-------------+-----
Maces & Flails | 1 |  1.5
Shields        | 4 |  4.5
Dodging        | 1 |  1.1
Fighting       | |  3.7
Staves         | |  2.9
Armour         | |  3.9

Action                   |  1- 3 |  4- 6 || total
-------------------------+-------+-------++-------
Melee: Quarterstaff      |    86 |   104 ||   190
 Abil: Dig               |       |     2 ||     2
  Use: Potion            |       |     3 ||     3
  Eat: Chunk             |       |     6 ||     6
Armor: Scale mail        |    61 |    35 ||    96
Dodge: Dodged            |    46 |    28 ||    74
Block: Shield            |    69 |    43 ||   112
